TOP OF THE 1ST |
Bishop Verot HS batting - Pitching for Bishop Gorman HS Balbasaurs : RHP Manuel Ramírez
|
Pitching: RHP Manuel Ramírez
|
|
Batting: RHB Rafael Sánchez
|
0-0: Ball 1-0: Ball 2-0: Ball 3-0: Called Strike 3-1: Base on Balls
|
Batting: LHB Fred Peters
|
0-0: Ball 1-0: Fielders Choice at 2nd, 5-4 (Groundball, 56)
|
Batting: RHB Mike Harris
|
0-0: Ball 1-0: SINGLE (Line Drive, 56) Fred Peters to second
|
Batting: RHB Martin Davis
|
0-0: Called Strike 0-1: Fielders Choice at 2nd, 6-4 (Groundball, 6) Fred Peters to third
|
Batting: LHB Mario Rodríguez
|
0-0: Foul Ball, location: 2F 0-1: Swinging Strike 0-2: SINGLE (Flyball, 7S) Fred Peters scores Martin Davis to second
|
Batting: RHB Ken O'Quinn
|
0-0: Foul Ball, location: 2F 0-1: Foul Ball, location: 2F 0-2: Ball 1-2: Ball 2-2: Ball 3-2: SINGLE (Line Drive, 6D) Martin Davis to third Mario Rodríguez to second Martin Davis scores Mario Rodríguez to third
|
Batting: RHB Bob Williams
|
0-0: Called Strike 0-1: Ball 1-1: DOUBLE (Flyball, 8LD) Mario Rodríguez scores Ken O'Quinn to third Runner from 3rd tries for Home, SAFE, no throw
|
Batting: RHB Frank Rangel
|
0-0: Called Strike 0-1: Swinging Strike 0-2: DOUBLE (Line Drive, 78D) Bob Williams scores
|
Batting: RHB José Mejía
|
0-0: Ball 1-0: Ball 2-0: Ball 3-0: Called Strike 3-1: Foul Ball, location: 2F 3-2: Strikes out looking
|
Top of the 1st over - 5 runs, 5 hits, 0 errors, 1 left on base; Bishop Verot HS 5 - Bishop Gorman HS 0 |
BOTTOM OF THE 1ST |
Bishop Gorman HS Balbasaurs batting - Pitching for Bishop Verot HS : RHP Archie Sánchez
|
Pitching: RHP Archie Sánchez
|
|
Batting: RHB Lynwood Bryant
|
0-0: Ball 1-0: Ball 2-0: Ball 3-0: Base on Balls
|
Batting: RHB Júlio García
|
0-0: Ball 1-0: Ball 2-0: Grounds into double play, 5-4-3 (Groundball, 56)
|
Batting: RHB Valentín Martínez
|
0-0: Ball 1-0: SOLO HOME RUN (Flyball, 7LD), Distance : 351 ft
|
Batting: LHB Daniel Smith
|
0-0: Ball 1-0: Ball 2-0: Foul Ball, location: 2F 2-1: Called Strike 2-2: DOUBLE (Line Drive, 7LM)
|
Batting: SHB Cisco Moreno
|
0-0: Ground out U3 (Groundball, 34)
|
Bottom of the 1st over - 1 run, 2 hits, 0 errors, 1 left on base; Bishop Verot HS 5 - Bishop Gorman HS 1 |
TOP OF THE 2ND |
Bishop Verot HS batting - Pitching for Bishop Gorman HS Balbasaurs : RHP Manuel Ramírez
|
Batting: RHB Rafael Sánchez
|
0-0: Called Strike 0-1: Ball 1-1: Ball 2-1: Ball 3-1: Foul Ball, location: 2F 3-2: Base on Balls
|
Batting: LHB Fred Peters
|
0-0: Ball 1-0: Called Strike 1-1: Swinging Strike 1-2: Ball 2-2: Foul Ball, location: 2F 2-2: Reached on error, E5 (Groundball, 56) Rafael Sánchez to second
|
Batting: RHB Mike Harris
|
0-0: Grounds into double play, U5-3 (Groundball, 5L) Fred Peters to second
|
Batting: RHB Martin Davis
|
0-0: Ball 1-0: Ground out 3-1 (Groundball, 34)
|
Top of the 2nd over - 0 runs, 0 hits, 1 error, 1 left on base; Bishop Verot HS 5 - Bishop Gorman HS 1 |
BOTTOM OF THE 2ND |
Bishop Gorman HS Balbasaurs batting - Pitching for Bishop Verot HS : RHP Archie Sánchez
|
Batting: RHB Alan Stephens
|
0-0: Foul Ball, location: 2F 0-1: Foul Ball, location: 2F 0-2: Ball 1-2: SINGLE (Groundball, 4D)
|
Batting: RHB Michael Sanford
|
0-0: Foul Ball, location: 2F 0-1: Foul Ball, location: 2F 0-2: Ball 1-2: Foul Ball, location: 2F 1-2: Foul Ball, location: 2F 1-2: Ball 2-2: Ball 3-2: Grounds into double play, 4-6-3 (Groundball, 4)
|
Batting: RHB John Miller
|
0-0: Ball 1-0: Foul Ball, location: 2F 1-1: Ball 2-1: Ball 3-1: Base on Balls
|
Batting: LHB Michel Gélinas
|
0-0: Ball 1-0: Foul Ball, location: 2F 1-1: Foul Ball, location: 2F 1-2: Strikes out swinging
|
Bottom of the 2nd over - 0 runs, 1 hit, 0 errors, 1 left on base; Bishop Verot HS 5 - Bishop Gorman HS 1 |
TOP OF THE 3RD |
Bishop Verot HS batting - Pitching for Bishop Gorman HS Balbasaurs : RHP Manuel Ramírez
|
Batting: LHB Mario Rodríguez
|
0-0: Called Strike 0-1: Foul Ball, location: 2F 0-2: Ball 1-2: Foul Ball, location: 2F 1-2: Ball 2-2: Ground out 4-3 (Groundball, 34D)
|
Batting: RHB Ken O'Quinn
|
0-0: Called Strike 0-1: Ball 1-1: Called Strike 1-2: Ball 2-2: SINGLE (Line Drive, 4M)
|
Batting: RHB Bob Williams
|
0-0: Called Strike 0-1: Swinging Strike 0-2: 2-RUN HOME RUN (Flyball, 78XD), Distance : 419 ft
|
Batting: RHB Frank Rangel
|
0-0: Ball 1-0: Ball 2-0: Called Strike 2-1: Ground out 4-3 (Groundball, 4M)
|
Batting: RHB José Mejía
|
0-0: Swinging Strike 0-1: Foul Ball, location: 2F 0-2: Strikes out looking
|
Top of the 3rd over - 2 runs, 2 hits, 0 errors, 0 left on base; Bishop Verot HS 7 - Bishop Gorman HS 1 |
BOTTOM OF THE 3RD |
Bishop Gorman HS Balbasaurs batting - Pitching for Bishop Verot HS : RHP Archie Sánchez
|
Batting: RHB Lynwood Bryant
|
0-0: Ball 1-0: Ball 2-0: Called Strike 2-1: Ball 3-1: Base on Balls
|
Batting: RHB Júlio García
|
0-0: Swinging Strike Lynwood Bryant is caught stealing 2nd base 0-1: SINGLE (Groundball, 6MD)
|
Batting: RHB Valentín Martínez
|
0-0: Called Strike 0-1: SINGLE (Line Drive, 56) Júlio García to second
|
Batting: LHB Daniel Smith
|
0-0: Ball 1-0: Ball 2-0: Called Strike 2-1: Ball 3-1: Base on Balls Júlio García to third Valentín Martínez to second
|
Batting: SHB Cisco Moreno
|
0-0: Called Strike 0-1: Ball 1-1: Ball 2-1: Foul Ball, location: 2F 2-2: Ball 3-2: Strikes out swinging
|
Batting: RHB Alan Stephens
|
0-0: Foul Ball, location: 2F 0-1: Foul Ball, location: 2F 0-2: Fly out, F8 (Flyball, 8LS)
|
Bottom of the 3rd over - 0 runs, 2 hits, 0 errors, 3 left on base; Bishop Verot HS 7 - Bishop Gorman HS 1 |
TOP OF THE 4TH |
Bishop Verot HS batting - Pitching for Bishop Gorman HS Balbasaurs : RHP Manuel Ramírez
|
Batting: RHB Rafael Sánchez
|
0-0: Called Strike 0-1: Swinging Strike 0-2: Ball 1-2: Foul Ball, location: 2F 1-2: Strikes out swinging
|
Batting: LHB Fred Peters
|
0-0: Ball 1-0: Called Strike 1-1: Ball 2-1: Foul Ball, location: 2F 2-2: Ball 3-2: SINGLE (Flyball, 9LM)
|
Batting: RHB Mike Harris
|
0-0: Swinging Strike 0-1: Swinging Strike 0-2: Ball 1-2: Fielders Choice at 2nd, 6-4 (Groundball, 6D)
|
Pitching: RHP António Santiago
|
|
Batting: RHB Martin Davis
|
0-0: Ball Mike Harris is caught stealing 2nd base
|
Top of the 4th over - 0 runs, 1 hit, 0 errors, 0 left on base; Bishop Verot HS 7 - Bishop Gorman HS 1 |
BOTTOM OF THE 4TH |
Bishop Gorman HS Balbasaurs batting - Pitching for Bishop Verot HS : RHP Archie Sánchez
|
Batting: RHB Michael Sanford
|
0-0: Called Strike 0-1: Ball 1-1: Called Strike 1-2: Ball 2-2: Ball 3-2: Strikes out looking
|
Batting: RHB John Miller
|
0-0: Ball 1-0: Ball 2-0: Ball 3-0: Called Strike 3-1: Fly out, F4 (Line Drive, 4)
|
Batting: LHB Michel Gélinas
|
0-0: Ball 1-0: Ball 2-0: Foul Ball, location: 2F 2-1: Ball 3-1: Base on Balls
|
Batting: RHB Lynwood Bryant
|
0-0: Called Strike 0-1: Ball 1-1: Called Strike Michel Gélinas steals 2nd base 1-2: Ball 2-2: Foul Ball, location: 2F 2-2: Foul Ball, location: 2F 2-2: Ball 3-2: Foul Ball, location: 2F 3-2: Foul Ball, location: 2F 3-2: SINGLE (Flyball, 8LS) Michel Gélinas to third Michel Gélinas scores
|
Pitching: LHP Silas Farr
|
|
Batting: RHB Júlio García
|
0-0: Ball 1-0: Called Strike 1-1: Ball 2-1: Ball 3-1: Base on Balls Lynwood Bryant to second
|
Batting: RHB Valentín Martínez
|
0-0: Reached on error, E7 (Flyball, 7) Lynwood Bryant scores Júlio García to third
|
Batting: LHB Daniel Smith
|
0-0: Ball 1-0: Reached via error on a dropped throw, E3 Júlio García scores Valentín Martínez to third
|
Batting: SHB Cisco Moreno
|
0-0: Called Strike 0-1: Foul Ball, location: 2F 0-2: Ball 1-2: Ball 2-2: SINGLE (Groundball, 6MD) Valentín Martínez scores Daniel Smith to second
|
Batting: RHB Alan Stephens
|
0-0: Ball 1-0: Ball 2-0: Foul Ball, location: 2F 2-1: Fly out, F8 (Flyball, 8LD)
|
Bottom of the 4th over - 4 runs, 2 hits, 2 errors, 2 left on base; Bishop Verot HS 7 - Bishop Gorman HS 5 |
TOP OF THE 5TH |
Bishop Verot HS batting - Pitching for Bishop Gorman HS Balbasaurs : RHP António Santiago
|
Batting: RHB Martin Davis
|
0-0: Ball 1-0: Called Strike 1-1: Called Strike 1-2: Ball 2-2: Strikes out swinging
|
Batting: LHB Mario Rodríguez
|
0-0: Swinging Strike 0-1: Ground out 5-3 (Groundball, 56)
|
Batting: RHB Ken O'Quinn
|
0-0: Ball 1-0: Foul Ball, location: 2F 1-1: Ball 2-1: Ball 3-1: Base on Balls
|
Batting: RHB Bob Williams
|
0-0: Foul Ball, location: 2F 0-1: Ball 1-1: SINGLE (Line Drive, 56) Ken O'Quinn to second
|
Batting: RHB Frank Rangel
|
0-0: Ball 1-0: Ball 2-0: Called Strike 2-1: Ball 3-1: Foul Ball, location: 2F 3-2: Base on Balls Ken O'Quinn to third Bob Williams to second
|
Batting: RHB José Mejía
|
0-0: GRAND SLAM HOME RUN (Flyball, 78XD), Distance : 412 ft
|
Pitching: RHP Jeff Martin
|
|
Batting: RHB Rafael Sánchez
|
0-0: Foul Ball, location: 2F 0-1: Swinging Strike 0-2: Foul Ball, location: 2F 0-2: Strikes out looking
|
Top of the 5th over - 4 runs, 2 hits, 0 errors, 0 left on base; Bishop Verot HS 11 - Bishop Gorman HS 5 |
BOTTOM OF THE 5TH |
Bishop Gorman HS Balbasaurs batting - Pitching for Bishop Verot HS : LHP Silas Farr
|
Batting: RHB Michael Sanford
|
0-0: Ball 1-0: Ball 2-0: Foul Ball, location: 2F 2-1: Ball 3-1: Base on Balls
|
Batting: RHB John Miller
|
0-0: Swinging Strike 0-1: Ball 1-1: Swinging Strike 1-2: Ball 2-2: Ball 3-2: Base on Balls Michael Sanford to second
|
Batting: LHB Michel Gélinas
|
0-0: Called Strike 0-1: SINGLE (Flyball, 89M) Michael Sanford to third John Miller to second
|
Batting: RHB Lynwood Bryant
|
0-0: Called Strike 0-1: Called Strike 0-2: Ball 1-2: Foul Ball, location: 2F 1-2: Ball 2-2: Foul Ball, location: 2F 2-2: Fly out, F9 (Flyball, 9S)
|
Batting: RHB Júlio García
|
0-0: Swinging Strike 0-1: Ball 1-1: SINGLE (Groundball, 6MD) Michael Sanford scores John Miller to third Michel Gélinas to second Runner from 3rd tries for Home, SAFE, no throw
|
Batting: RHB Valentín Martínez
|
0-0: Ball 1-0: Called Strike 1-1: Ball 2-1: Called Strike 2-2: Fly out, F8 (Flyball, 8LM)
|
Batting: LHB Daniel Smith
|
0-0: Called Strike 0-1: Foul Ball, location: 2F 0-2: Ball 1-2: Strikes out swinging
|
Bottom of the 5th over - 2 runs, 2 hits, 0 errors, 2 left on base; Bishop Verot HS 11 - Bishop Gorman HS 7 |
TOP OF THE 6TH |
Bishop Verot HS batting - Pitching for Bishop Gorman HS Balbasaurs : RHP Jeff Martin
|
Batting: LHB Fred Peters
|
0-0: Fly out, F8 (Flyball, 78D)
|
Batting: RHB Mike Harris
|
0-0: Ball 1-0: Called Strike 1-1: SINGLE (Line Drive, 6MD)
|
Batting: RHB Martin Davis
|
0-0: Called Strike 0-1: Ball 1-1: Fly out, F9 (Flyball, 9)
|
Batting: LHB Mario Rodríguez
|
0-0: Swinging Strike 0-1: Ball 1-1: Fly out, F8 (Flyball, 8LD)
|
Top of the 6th over - 0 runs, 1 hit, 0 errors, 1 left on base; Bishop Verot HS 11 - Bishop Gorman HS 7 |
BOTTOM OF THE 6TH |
Bishop Gorman HS Balbasaurs batting - Pitching for Bishop Verot HS : LHP Silas Farr
|
Pitching: RHP Jesse Mitchell
|
|
Batting: SHB Cisco Moreno
|
0-0: Foul Ball, location: 2F 0-1: Foul Ball, location: 2F 0-2: Ball 1-2: Ball 2-2: Ball 3-2: Strikes out looking
|
Batting: RHB Alan Stephens
|
0-0: Ball 1-0: Called Strike 1-1: Swinging Strike 1-2: Strikes out swinging
|
Batting: RHB Michael Sanford
|
0-0: Ball 1-0: Ball 2-0: Foul Ball, location: 2F 2-1: Ball 3-1: Base on Balls
|
Batting: RHB John Miller
|
0-0: Called Strike 0-1: Hit by Pitch Michael Sanford to second
|
Pinch Runner at 1st River Oliver:
|
|
Batting: LHB Michel Gélinas
|
0-0: Ball 1-0: Ball 2-0: Ball 3-0: Called Strike 3-1: Base on Balls Michael Sanford to third River Oliver to second
|
Batting: RHB Lynwood Bryant
|
0-0: Swinging Strike 0-1: Ball 1-1: Ball 2-1: Called Strike 2-2: Ball 3-2: Ground out 5-3 (Groundball, 5S)
|
Bottom of the 6th over - 0 runs, 0 hits, 0 errors, 3 left on base; Bishop Verot HS 11 - Bishop Gorman HS 7 |
TOP OF THE 7TH |
Bishop Verot HS batting - Pitching for Bishop Gorman HS Balbasaurs : RHP Jeff Martin
|
Now at 3B: River Oliver
|
|
Batting: RHB Ken O'Quinn
|
0-0: Swinging Strike 0-1: Fly out, F9 (Flyball, 9S)
|
Batting: RHB Bob Williams
|
0-0: Called Strike 0-1: Ball 1-1: Fly out, F8 (Flyball, 8LS)
|
Batting: RHB Frank Rangel
|
0-0: Called Strike 0-1: Ball 1-1: Foul Ball, location: 2F 1-2: Ball 2-2: Strikes out swinging
|
Top of the 7th over - 0 runs, 0 hits, 0 errors, 0 left on base; Bishop Verot HS 11 - Bishop Gorman HS 7 |
BOTTOM OF THE 7TH |
Bishop Gorman HS Balbasaurs batting - Pitching for Bishop Verot HS : RHP Jesse Mitchell
|
Batting: RHB Júlio García
|
0-0: Ball 1-0: Foul Ball, location: 2F 1-1: Fly out, F7 (Flyball, 7LSF)
|
Batting: RHB Valentín Martínez
|
0-0: Ball 1-0: SINGLE (Groundball, 6) (infield hit)
|
Batting: LHB Daniel Smith
|
0-0: Ball 1-0: Called Strike 1-1: Ball 2-1: Fly out, F8 (Flyball, 8LD) Runner from 1st tags up, SAFE at 2nd
|
Batting: SHB Cisco Moreno
|
0-0: Ball 1-0: Foul Ball, location: 2F 1-1: Swinging Strike 1-2: Strikes out swinging
|
Bottom of the 7th over - 0 runs, 1 hit, 0 errors, 1 left on base; Bishop Verot HS 11 - Bishop Gorman HS 7 |
TOP OF THE 8TH |
Bishop Verot HS batting - Pitching for Bishop Gorman HS Balbasaurs : RHP Jeff Martin
|
Batting: RHB José Mejía
|
0-0: Ball 1-0: Called Strike 1-1: Foul Ball, location: 2F 1-2: Ball 2-2: Ball 3-2: Strikes out swinging
|
Batting: RHB Rafael Sánchez
|
0-0: Ball 1-0: Swinging Strike 1-1: Called Strike 1-2: Ball 2-2: Strikes out looking
|
Batting: LHB Fred Peters
|
0-0: Foul Ball, location: 2F 0-1: Ball 1-1: Ground out 1-3 (Groundball, 15)
|
Top of the 8th over - 0 runs, 0 hits, 0 errors, 0 left on base; Bishop Verot HS 11 - Bishop Gorman HS 7 |
BOTTOM OF THE 8TH |
Bishop Gorman HS Balbasaurs batting - Pitching for Bishop Verot HS : RHP Jesse Mitchell
|
Batting: RHB Alan Stephens
|
0-0: Swinging Strike 0-1: Ball 1-1: Foul Ball, location: 2F 1-2: DOUBLE (Line Drive, 7LM)
|
Batting: RHB Michael Sanford
|
0-0: Ball 1-0: Swinging Strike 1-1: Foul Ball, location: 2F 1-2: Strikes out swinging
|
Batting: RHB River Oliver
|
0-0: Called Strike 0-1: Called Strike 0-2: Ball 1-2: Strikes out looking
|
Batting: LHB Michel Gélinas
|
0-0: Called Strike 0-1: Foul Ball, location: 2F 0-2: Ball 1-2: Ball 2-2: Ball 3-2: Strikes out swinging
|
Bottom of the 8th over - 0 runs, 1 hit, 0 errors, 1 left on base; Bishop Verot HS 11 - Bishop Gorman HS 7 |
TOP OF THE 9TH |
Bishop Verot HS batting - Pitching for Bishop Gorman HS Balbasaurs : RHP Jeff Martin
|
Batting: RHB Mike Harris
|
0-0: Foul Ball, location: 2F 0-1: SINGLE (Flyball, 89M)
|
Batting: RHB Martin Davis
|
0-0: Ball 1-0: SINGLE (Flyball, 4MD) Mike Harris to second Runner from 2nd tries for 3rd, SAFE, no throw
|
Batting: LHB Mario Rodríguez
|
0-0: Called Strike 0-1: Called Strike 0-2: Foul Ball, location: 2F 0-2: Ball 1-2: Ball 2-2: Fly out, F7 (Line Drive, 7) Runner from 3rd tags up, SCORES, throw made
|
Now in LF: William Young
|
|
Batting: RHB Ken O'Quinn
|
0-0: Ball 1-0: SINGLE (Flyball, 78S) Martin Davis to second
|
Batting: RHB Bob Williams
|
0-0: Ball 1-0: Ball 2-0: Foul Ball, location: 2F 2-1: Foul Ball, location: 2F 2-2: Foul Ball, location: 2F 2-2: Ball 3-2: Base on Balls Martin Davis to third Ken O'Quinn to second
|
Batting: RHB Frank Rangel
|
0-0: Ball 1-0: Foul Ball, location: 2F 1-1: Swinging Strike 1-2: Ball 2-2: Foul Ball, location: 2F 2-2: Strikes out swinging
|
Batting: RHB José Mejía
|
0-0: Ball 1-0: SINGLE (Line Drive, 56) Martin Davis scores Ken O'Quinn to third Bob Williams to second Runner from 3rd tries for Home, SAFE, throw made home
|
Batting: RHB Rafael Sánchez
|
0-0: Ball 1-0: Called Strike 1-1: Ball 2-1: Ball 3-1: Called Strike 3-2: Foul Ball, location: 2F 3-2: Base on Balls Bob Williams to third José Mejía to second
|
Batting: LHB Fred Peters
|
0-0: Called Strike 0-1: Ball 1-1: Ball 2-1: Swinging Strike 2-2: Foul Ball, location: 2F 2-2: Foul Ball, location: 2F 2-2: Strikes out looking
|
Top of the 9th over - 3 runs, 4 hits, 0 errors, 3 left on base; Bishop Verot HS 14 - Bishop Gorman HS 7 |
BOTTOM OF THE 9TH |
Bishop Gorman HS Balbasaurs batting - Pitching for Bishop Verot HS : RHP Jesse Mitchell
|
Batting: RHB Lynwood Bryant
|
0-0: Ball 1-0: Fly out, F9 (Flyball, 9S)
|
Batting: RHB Júlio García
|
0-0: Swinging Strike 0-1: Foul Ball, location: 2F 0-2: SINGLE (Groundball, 4D)
|
Pitching: RHP Charlie Newell
|
|
Batting: RHB Valentín Martínez
|
0-0: Called Strike 0-1: Ball 1-1: Foul Ball, location: 2F 1-2: Strikes out swinging
|
Batting: LHB Daniel Smith
|
0-0: Called Strike 0-1: Swinging Strike 0-2: Ball 1-2: Ball 2-2: Strikes out swinging
|
Bottom of the 9th over - 0 runs, 1 hit, 0 errors, 1 left on base; Bishop Verot HS 14 - Bishop Gorman HS 7 |
|